 Dungeon Crawl Stone Soup version 0.24-a0-789-g35933f4585 (webtiles) character file.

Game seed: 12013950762769086495, levelgen mode: deterministic

80 Conn the Firebug (level 4, -3/27 HPs)
             Began as an Octopode Fire Elementalist on Oct 10, 2019.
             Slain by a worm (4 damage)
             ... on level 3 of the Dungeon.
             The game lasted 00:05:35 (2525 turns).

Conn the Firebug (Octopode Fire Elementalist)       Turns: 2525, Time: 00:05:35

Health: -3/27      AC:  1    Str:  5 (7)  XL:     4   Next: 39%
Magic:  7/7        EV: 13    Int: 22 (23) God:
Gold:   176        SH:  0    Dex:  9 (12) Spells: 3/8 levels left

rFire    . . .     SeeInvis .   c - +1 hand axe (flame)
rCold    . . .     Gourm    .   (no shield)
rNeg     . . .     Faith    .   (helmet restricted)
rPois    .         Spirit   .   (no amulet)
rElec    .         Reflect  .   (no ring)
rCorr    .         Harm     .   (no ring)
MR       .....                  (no ring)
Stlth    +++.......             (no ring)
HPRegen  0.09/turn              (no ring)
MPRegen  0.10/turn              (no ring)
                                (no ring)
                                (no ring)

@: brilliant, lethally poisoned (-3 -> -4)
A: almost no armour, stealthy swim, amphibious, 8 rings, constrict 8, camouflage
1, gelatinous body 1
a: no special abilities


You were on level 3 of the Dungeon.
You were not hungry.

You visited 1 branch of the dungeon, and saw 3 of its levels.

You collected 176 gold pieces.

Inventory:

Hand Weapons
 c - a +1 hand axe of flaming (weapon)
 f - a +0 dagger
Missiles
 p - a boomerang (quivered)
Scrolls
 d - 2 scrolls of blinking {unknown}
 e - a scroll of enchant armour {unknown}
 g - 4 scrolls of identify {unknown}
 h - 2 scrolls of teleportation {unknown}
 j - a scroll of enchant weapon {unknown}
 k - a scroll of remove curse {unknown}
 q - a scroll of fear {unknown}
Potions
 a - a potion of mutation {unknown}
 i - a potion of curing {unknown}
 l - a potion of degeneration
 n - a potion of ambrosia {unknown}
 o - 2 potions of brilliance
Comestibles
 b - 7 rations
 m - 3 chunks of flesh


   Skills:
 + Level 0.7 Short Blades
 + Level 0.1 Axes
 + Level 2.7 Dodging
 - Level 3.3 Stealth
 + Level 0.4 Unarmed Combat
 * Level 2.6 Spellcasting
 * Level 1.1 Conjurations
 + Level 3.6 Fire Magic


You had 3 spell levels left.
You knew the following spells:

 Your Spells              Type           Power        Failure   Level  Hunger
a - Flame Tongue          Conj/Fire      ####.        1%          1    None
b - Summon Small Mammal   Summ           ###.         1%          1    None
c - Conjure Flame         Conj/Fire      ####....     1%          3    ###....

Your spell library contained the following spells:

 Spells                   Type           Power        Failure   Level  Hunger
 Animate Skeleton         Necr           N/A          1%          1    None
 Apportation              Tloc           ###...       1%          1    None
 Confusing Touch          Hex            ###...       1%          1    None
 Throw Flame              Conj/Fire      ####..       1%          2    ##.....
 Inner Flame              Hex/Fire       ###.....     2%          3    ###....
 Sticky Flame             Conj/Fire      ####....     5%          4    ####...
 Fireball                 Conj/Fire      ####......   14%         5    ######.


Dungeon Overview and Level Annotations

Branches:
Dungeon (3/15)

Altars:


Innate Abilities, Weirdness & Mutations

You cannot wear most types of armour.
You are very stealthy in the water. (Stealth+)
You are amphibious.
You can wear up to eight rings at the same time.
You can use your tentacles to constrict eight enemies at once.
Your skin changes colour to match your surroundings (Stealth+).
Your rubbery body absorbs attacks. (AC +1, EV +1)


Message History

You barely miss the adder.
The adder is moderately wounded.
You hit the ooze but do no damage. You barely miss the worm.
You constrict the adder. The adder bites you.
* * * LOW HITPOINT WARNING * * *
The ooze hits you.
* * * LOW HITPOINT WARNING * * *
The adder bites you.
* * * LOW HITPOINT WARNING * * *
The worm closely misses you.
It was a potion of degeneration.
There was something very wrong with that liquid.
You feel weakened.
You feel dopey.
You feel clumsy.
You constrict the adder.
* * * LOW HITPOINT WARNING * * *
You feel sick. The adder closely misses you. The ooze closely misses you.
It was a potion of brilliance.
You feel clever all of a sudden.
You constrict the adder. The adder misses you. The worm bites you.
You die...

#.........##.##
#.........##.# .......
#............# .......
#..........### .......
#..........# .......
#..........# .......
#..........# .......
#..........####J.....%
#.............@S......
#.........)####w......
#####.##+#.# ..[....
#....#.# ../....
#.####.# ####### #.#
#.# #.# #.# ### #.#
#.#


You could see a worm, an ooze and an adder.

Vanquished Creatures
  3 adders
  A dart slug (D:2)
  A leopard gecko (D:3)
  9 orcs
  3 giant cockroaches
  7 goblins
  2 hobgoblins
  A kobold (D:1)
  3 quokkas
  A ball python (D:3)
  3 bats
  2 frilled lizards
  2 rats (D:3)
38 creatures vanquished.

Notes
Turn   | Place    | Note
-------+----------+-------------------------------------------
     0 | D:1      | Conn the Octopode Fire Elementalist began the quest for the
                  | Orb.
     0 | D:1      | Reached XP level 1. HP: 11/11 MP: 3/3
   728 | D:1      | Reached XP level 2. HP: 17/17 MP: 5/5
   992 | D:2      | Reached XP level 3. HP: 17/21 MP: 2/6
  1836 | D:3      | Reached XP level 4. HP: 18/27 MP: 7/7
  2487 | D:3      | Learned a level 1 spell: Summon Small Mammal
  2491 | D:3      | Learned a level 3 spell: Conjure Flame
  2524 | D:3      | HP: 1/27 [poisoned by an adder]
  2525 | D:3      | Slain by a worm

Levels and vault maps discovered:
D:1:      dpeg_arrival_circle_labyrinth_a, layout_basic, minmay_strange_pillars,
          corexii_item_surrounded_by_moat
D:2:      layout_rooms, minmay_misc_feat_doors
D:3:      layout_basic, tso_metal_star

Skill      XL: |  1  2 |
---------------+-------+-----
Stealth        | 3 |  3.3
Short Blades   | |  0.7
Axes           | |  0.1
Dodging        | |  2.7
Unarmed Combat | |  0.4
Spellcasting   | |  2.6
Conjurations   | |  1.1
Fire Magic     | |  3.6

Action                   |  1- 3 |  4- 6 || total
-------------------------+-------+-------++-------
Melee: Unarmed           |    14 |       ||    14
       Constrict         |    17 |     4 ||    21
       Tentacles         |     8 |     1 ||     9
       Dagger            |    17 |       ||    17
       Hand axe          |    15 |    16 ||    31
 Cast: Flame Tongue      |    21 |    10 ||    31
  Use: Potion            |       |     2 ||     2
 Stab: Sleeping          |     4 |       ||     4
  Eat: Chunk             |     3 |     2 ||     5
Armor: Skin              |     2 |     1 ||     3
Dodge: Dodged            |    48 |    18 ||    66

Table legend:
 A = Non-vault XP
 B = Vault XP
 C = Vault XP percentage of total XP
 D = Non-vault monster count
 E = Vault monster count
 F = Vault count percentage of total count
                 A         B        C        D         E       F
            +---------+---------+-------+---------+---------+-------
      Total |     115 |       0 |   0.0 |      38 |       0 |   0.0
            +---------+---------+-------+---------+---------+-------
        D:1 |      10 |       0 |   0.0 |       6 |       0 |   0.0
        D:2 |      52 |       0 |   0.0 |      13 |       0 |   0.0
        D:3 |      53 |       0 |   0.0 |      19 |       0 |   0.0
            +---------+---------+-------+---------+---------+-------
